 Dungeon Crawl Stone Soup version 0.22.1-2-g9c5b331 (webtiles) character file.

214 WarriorsX the Slasher (level 6, -1/47 HPs)
             Began as a Human Fighter on Dec 11, 2018.
             Slain by a hound (2 damage)
             ... on level 4 of the Dungeon.
             The game lasted 00:05:57 (2029 turns).

WarriorsX the Slasher (Human Fighter)               Turns: 2029, Time: 00:05:59

Health: -1/47      AC:  8    Str: 19    XL:     6   Next: 14%
Magic:  5/5        EV:  9    Int:  8    God:
Gold:   115        SH:  0    Dex: 12    Spells: 5/5 levels left

rFire    + . .     SeeInvis .   a - +0 long sword
rCold    . . .     Gourm    .   (no shield)
rNeg     . . .     Faith    .   b - +0 scale mail
rPois    .         Spirit   .   p - +0 hat
rElec    .         Reflect  .   m - +0 cloak
rCorr    .         Harm     .   (no gloves)
MR       .....                  (no boots)
Stlth    ..........             (no amulet)
HPRegen  0.15/turn              j - ring of protection from fire
MPRegen  0.09/turn              (no ring)

@: no status effects
A: low mp 1, screaming 1, MP-powered wands
a: no special abilities


You were on level 4 of the Dungeon.
You were very hungry.

You visited 1 branch of the dungeon, and saw 4 of its levels.

You collected 115 gold pieces.

Inventory:

Hand Weapons
 a - a +0 long sword (weapon)
Armour
 b - a +0 scale mail (worn)
 l - a +0 plate armour
 m - a +0 cloak (worn)
 p - a +0 hat (worn)
Jewellery
 j - a ring of protection from fire (left hand)
Scrolls
 c - a scroll of noise {unknown}
 i - 4 scrolls of identify
 k - a scroll of remove curse
 n - 3 scrolls of amnesia {unknown}
Potions
 d - a potion of might
 g - a potion of berserk rage {unknown}
 h - a potion of degeneration {unknown}
Comestibles
 f - 5 rations


   Skills:
 - Level 3.0 Fighting
 - Level 5.2 Long Blades
 + Level 4.1 Armour
   Level 3.0 Shields


You had 5 spell levels left.
You didn't know any spells.
Your spell library was empty.

Dungeon Overview and Level Annotations

Branches:
Dungeon (4/15)
 Temple: D:4-7

Altars:
Hepliaklqana
Kikubaaqudgha


Innate Abilities, Weirdness & Mutations

Your magical capacity is low. (-10% MP)
You occasionally shout uncontrollably at your foes.
You expend magic power (3 MP) to strengthen your wands.


Message History

The scorpion is heavily wounded.
The scorpion closely misses you.
You hit the scorpion.
The scorpion is severely wounded.
The scorpion barely misses you.
You hit the scorpion but do no damage.
The scorpion is severely wounded.
The hound bites you.
* * * LOW HITPOINT WARNING * * *
The scorpion stings you but does no damage.
You hit the scorpion but do no damage.
The scorpion is severely wounded.
The hound bites you.
* * * LOW HITPOINT WARNING * * *
The scorpion stings you.
* * * LOW HITPOINT WARNING * * *
The hound barely misses you. The hound bites you but does no damage.
The hound bites you.
You die...

........# #
.......+ #. #......
#.###+#####.....#
.#...............##
..................#
..........##.s...#
.........s##.....##
##$...@h..#...†..#
#..<.....w......#
#.......##......+
#.......##_....##
.........########
.##........
#.........
.[....>....
#.......#


You could see a worm, a scorpion and a hound.

Vanquished Creatures
  An orc priest (D:3)
  2 orc wizards
  Robin (D:2)
  3 adders
  A worm (D:2)
  A dart slug (D:2)
  A leopard gecko (D:2)
  3 orcs
  2 giant cockroaches
  16 goblins
  9 hobgoblins
  9 jackals
  4 kobolds
  A quokka (D:2)
  2 ball pythons
  10 bats
  2 frilled lizards (D:2)
  8 rats
76 creatures vanquished.

Notes
Turn   | Place    | Note
-------+----------+-------------------------------------------
     0 | D:1      | WarriorsX the Human Fighter began the quest for the Orb.
     0 | D:1      | Reached XP level 1. HP: 18/18 MP: 1/1
   379 | D:1      | Reached XP level 2. HP: 24/24 MP: 2/2
   490 | D:1      | Reached skill level 3 in Long Blades
   539 | D:1      | Reached XP level 3. HP: 12/29 MP: 3/3
   959 | D:2      | Reached skill level 4 in Long Blades
   959 | D:2      | Reached XP level 4. HP: 35/35 MP: 4/4
  1252 | D:2      | Gained mutation: You occasionally shout uncontrollably at
                  | your foes. [potion of mutation]
  1252 | D:2      | Gained mutation: Your magical capacity is low. (-10% MP)
                  | [potion of mutation]
  1252 | D:2      | Gained mutation: You expend magic power (3 MP) to
                  | strengthen your wands. [potion of mutation]
  1300 | D:2      | Noticed Robin
  1328 | D:2      | Killed Robin
  1329 | D:2      | Reached XP level 5. HP: 25/41 MP: 4/4
  1608 | D:2      | Reached skill level 5 in Long Blades
  1926 | D:3      | Found an ancient bone altar of Kikubaaqudgha.
  1954 | D:3      | Noticed a phantom
  1992 | D:4      | Noticed an ogre
  1999 | D:4      | Reached XP level 6. HP: 16/47 MP: 5/5
  2009 | D:4      | Found a hazy altar of Hepliaklqana.
  2026 | D:4      | HP: 1/47 [scorpion (2)]
  2029 | D:4      | Slain by a hound

Skill      XL: |  1  2  3  4  5 |
---------------+----------------+-----
Long Blades    | 3 4 5 |  5.2
Armour         | 4 |  4.1
Fighting       | |  3.0
Shields        | |  3.0

Action                   |  1- 3 |  4- 6 || total
-------------------------+-------+-------++-------
Melee: Long sword        |    68 |   155 ||   223
  Use: Potion            |     1 |     5 ||     6
       Scroll            |       |     3 ||     3
  Eat: Chunk             |       |     3 ||     3
Armor: Scale mail        |    65 |   111 ||   176
Dodge: Dodged            |    51 |    87 ||   138
       Rpst.: Long sword |    17 |    23 ||    40
